MLB
MIAMI MARLINS @ ARIZONA DIAMONDBACKS
09/16/2026
 
TOP OF THE 1ST
Miami Marlins batting - Pitching for Arizona Diamondbacks : RHP Dan Crawford
Pitching: RHP Dan Crawford
Batting: LHB Alan O'Keefe 0-0: Ball
1-0: Ball
2-0: Ball
3-0: Called Strike
3-1: SINGLE (Line Drive, 78S, EV 97 MPH)
Batting: RHB Kurt Daniel 0-0: Ball
1-0: SINGLE (Line Drive, 7S, EV 88 MPH)
Alan O'Keefe to second
Batting: LHB Daryl Hatfield 0-0: Foul Ball, location: 7LDF
0-1: Ball
1-1: Called Strike
1-2: Ball
2-2: Ball
3-2: Foul Ball, location: 7LDF
3-2: Foul Ball, location: 7LSF
3-2: Strikes out looking
Batting: SHB Edgardo Medina 0-0: Ball
1-0: Called Strike
1-1: Called Strike
1-2: Ball
2-2: Foul Ball, location: 2F
2-2: Grounds into double play, 1-6-3 (Groundball, P, EV 75 MPH)
Top of the 1st over - 0 runs, 2 hits, 0 errors, 1 left on base; Miami 0 - Arizona 0
BOTTOM OF THE 1ST
Arizona Diamondbacks batting - Pitching for Miami Marlins : RHP Ben Anderson
Pitching: RHP Ben Anderson
Batting: SHB Johnny McConnell 0-0: Ball
1-0: Ball
2-0: Ball
3-0: Called Strike
3-1: Fly out, F2 (Popup, 2RF, EV 59 MPH)
Batting: LHB Jorge Aguilar 0-0: Called Strike
0-1: DOUBLE (Flyball, 8RXD, EV 103 MPH)
Batting: LHB Sergio Portillo 0-0: Ball
1-0: Called Strike
1-1: Fly out, F9 (Line Drive, 89M, EV 88 MPH)
Batting: LHB José Silva 0-0: Called Strike
0-1: Ball
1-1: Ground out U3 (Groundball, 34S, EV 71 MPH)
Bottom of the 1st over - 0 runs, 1 hit, 0 errors, 1 left on base; Miami 0 - Arizona 0
TOP OF THE 2ND
Miami Marlins batting - Pitching for Arizona Diamondbacks : RHP Dan Crawford
Batting: SHB Sergio Alcantara 0-0: Ball
1-0: Called Strike
1-1: Swinging Strike
1-2: Strikes out looking
Batting: RHB Oscar Price 0-0: Ball
1-0: Called Strike
1-1: Fly out, F8 (Flyball, 78D, EV 94 MPH)
Batting: LHB Ron Park 0-0: Ball
1-0: SINGLE (Groundball, 4MD, EV 99 MPH) (infield hit)
Batting: RHB Darrell Taylor 0-0: Swinging Strike
0-1: Swinging Strike
0-2: Strikes out looking
Top of the 2nd over - 0 runs, 1 hit, 0 errors, 1 left on base; Miami 0 - Arizona 0
BOTTOM OF THE 2ND
Arizona Diamondbacks batting - Pitching for Miami Marlins : RHP Ben Anderson
Batting: RHB Derek Briggs 0-0: Called Strike
0-1: Foul Ball, location: 3F
0-2: Fly out, F4 (Popup, 34D, EV 70 MPH)
Batting: SHB Christopher Torres 0-0: Ball
1-0: Ball
2-0: Ball
3-0: Called Strike
3-1: Called Strike
3-2: Strikes out swinging
Batting: LHB Richard Urena 0-0: Ball
1-0: Swinging Strike
1-1: Ball
2-1: Called Strike
2-2: SINGLE (Line Drive, 8RM, EV 96 MPH)
Batting: RHB Phil Leighton 0-0: Swinging Strike
0-1: Called Strike
0-2: Ball
1-2: Ball
2-2: DOUBLE (Groundball, 5L, EV 106 MPH)
Richard Urena to third
Runner from 3rd tries for Home, SAFE, no throw by LF
Batting: RHB Bobby MacDonald 0-0: Ball
1-0: Swinging Strike
1-1: SINGLE (Line Drive, 8RS, EV 103 MPH)
Phil Leighton to third
Batting: SHB Johnny McConnell 0-0: Called Strike
0-1: Ball
1-1: Ball
2-1: Ground out 4-3 (Groundball, 4S, EV 90 MPH)
Bottom of the 2nd over - 1 run, 3 hits, 0 errors, 2 left on base; Miami 0 - Arizona 1
TOP OF THE 3RD
Miami Marlins batting - Pitching for Arizona Diamondbacks : RHP Dan Crawford
Batting: RHB Kris Thompson 0-0: Called Strike
0-1: Ball
1-1: Ball
2-1: Ball
3-1: Swinging Strike
3-2: Strikes out swinging
Batting: LHB Alan O'Keefe 0-0: Foul Ball, location: 3SF
0-1: Ball
1-1: Ball
2-1: Called Strike
2-2: Ground out 6-3 (Groundball, 6MS, EV 81 MPH)
Batting: RHB Kurt Daniel 0-0: Ball
1-0: Foul Ball, location: 7LSF
1-1: Ground out 1-3 (Groundball, P, EV 62 MPH)
Top of the 3rd over - 0 runs, 0 hits, 0 errors, 0 left on base; Miami 0 - Arizona 1
BOTTOM OF THE 3RD
Arizona Diamondbacks batting - Pitching for Miami Marlins : RHP Ben Anderson
Batting: LHB Jorge Aguilar 0-0: Called Strike
0-1: Ball
1-1: Ball
2-1: Ball
3-1: Called Strike
3-2: Strikes out swinging
Batting: LHB Sergio Portillo 0-0: Called Strike
0-1: Ball
1-1: Swinging Strike
1-2: Strikes out swinging
Batting: LHB José Silva 0-0: Called Strike
0-1: Swinging Strike
0-2: Foul Ball, location: 2F
0-2: Ball
1-2: Ball
2-2: Foul Ball, location: 3FF
2-2: Foul Ball, location: 25F
2-2: Ball
3-2: Fly out, F7 (Flyball, 7LMF, EV 114 MPH)
Bottom of the 3rd over - 0 runs, 0 hits, 0 errors, 0 left on base; Miami 0 - Arizona 1
TOP OF THE 4TH
Miami Marlins batting - Pitching for Arizona Diamondbacks : RHP Dan Crawford
Batting: LHB Daryl Hatfield 0-0: Ball
1-0: Ball
2-0: Foul Ball, location: 2F
2-1: Ball
3-1: SOLO HOME RUN (Flyball, 9LD, EV 112 MPH), Distance : 342 ft
Batting: SHB Edgardo Medina 0-0: Ball
1-0: Swinging Strike
1-1: Ball
2-1: Swinging Strike
2-2: Foul Ball, location: 2F
2-2: Ball
3-2: Base on Balls
Batting: SHB Sergio Alcantara 0-0: Ball
1-0: Swinging Strike
1-1: Called Strike
1-2: Ball
2-2: Strikes out looking
Batting: RHB Oscar Price 0-0: Foul Ball, location: 5DF
0-1: Ball
1-1: Ground out 6-3 (Groundball, 6S, EV 61 MPH)
Edgardo Medina to second
Batting: LHB Ron Park 0-0: Swinging Strike
0-1: Swinging Strike
0-2: Strikes out looking
Top of the 4th over - 1 run, 1 hit, 0 errors, 1 left on base; Miami 1 - Arizona 1
BOTTOM OF THE 4TH
Arizona Diamondbacks batting - Pitching for Miami Marlins : RHP Ben Anderson
Batting: RHB Derek Briggs 0-0: Foul Ball, location: 9LDF
0-1: DOUBLE (Line Drive, 78D, EV 107 MPH)
Batting: SHB Christopher Torres 0-0: Ball
1-0: Called Strike
1-1: Ball
2-1: 2-RUN HOME RUN (Flyball, 89XD, EV 113 MPH), Distance : 412 ft
Batting: LHB Richard Urena 0-0: Ball
1-0: Ball
2-0: Called Strike
2-1: Ball
3-1: Base on Balls
Batting: RHB Phil Leighton 0-0: Swinging Strike
0-1: Called Strike
0-2: Ball
1-2: Grounds into double play, 6-4-3 (Groundball, 6S, EV 95 MPH)
Batting: RHB Bobby MacDonald 0-0: SINGLE (Groundball, 6MD, EV 97 MPH)
Batting: SHB Johnny McConnell 0-0: Called Strike
0-1: Ball
1-1: Ground out 6-3 (Groundball, 6S, EV 54 MPH)
Bottom of the 4th over - 2 runs, 3 hits, 0 errors, 1 left on base; Miami 1 - Arizona 3
TOP OF THE 5TH
Miami Marlins batting - Pitching for Arizona Diamondbacks : RHP Dan Crawford
Batting: RHB Darrell Taylor 0-0: Called Strike
0-1: Ball
1-1: Swinging Strike
1-2: Ball
2-2: Strikes out swinging
Batting: RHB Kris Thompson 0-0: Fly out, F8 (Flyball, 78M, EV 73 MPH)
Batting: LHB Alan O'Keefe 0-0: Called Strike
0-1: Ball
1-1: Called Strike
1-2: Ground out 4-3 (Groundball, 4, EV 75 MPH)
Top of the 5th over - 0 runs, 0 hits, 0 errors, 0 left on base; Miami 1 - Arizona 3
BOTTOM OF THE 5TH
Arizona Diamondbacks batting - Pitching for Miami Marlins : RHP Ben Anderson
Batting: LHB Jorge Aguilar 0-0: Foul Ball, location: 2F
0-1: Foul Ball, location: 2F
0-2: Ball
1-2: Ball
2-2: Foul Ball, location: 2F
2-2: Ball
3-2: Base on Balls
Batting: LHB Sergio Portillo 0-0: Foul Ball, location: 9LMF
0-1: SINGLE (Groundball, 3D, EV 111 MPH)
Jorge Aguilar to second
Runner from 2nd tries for 3rd, SAFE, throw by RF made to third
Batting: LHB José Silva 0-0: Called Strike
0-1: Ball
1-1: Ball
2-1: Foul Ball, location: 2RF
2-2: SINGLE (Line Drive, 89M, EV 92 MPH)
Jorge Aguilar scores
Sergio Portillo to second
Batting: RHB Derek Briggs 0-0: Ball
1-0: Foul Ball, location: 2F
1-1: SINGLE (Line Drive, 78M, EV 91 MPH)
Sergio Portillo to third
José Silva to second
Batting: SHB Christopher Torres 0-0: Swinging Strike
0-1: Ball
1-1: Fly out, F7 (Flyball, 7D, EV 101 MPH)
Runner from 3rd tags up, SCORES, no throw by LF
Pitching: RHP Mike Armstrong
Batting: LHB Richard Urena 0-0: Ball
José Silva steals 3rd base
1-0: Called Strike
1-1: Ground out 4-3 (Groundball, 4S, EV 66 MPH)
José Silva scores
Derek Briggs to second
Batting: RHB Phil Leighton 0-0: Ball
1-0: Ball
2-0: Ball
3-0: Called Strike
3-1: Called Strike
3-2: Ground out 4-3 (Groundball, 4MS, EV 87 MPH)
Bottom of the 5th over - 3 runs, 3 hits, 0 errors, 1 left on base; Miami 1 - Arizona 6
TOP OF THE 6TH
Miami Marlins batting - Pitching for Arizona Diamondbacks : RHP Dan Crawford
Batting: RHB Kurt Daniel 0-0: Called Strike
0-1: Ball
1-1: DOUBLE (Flyball, 89D, EV 98 MPH)
Pitching: RHP Norm Sims
Batting: LHB Daryl Hatfield 0-0: Called Strike
0-1: 2-RUN HOME RUN (Flyball, 9D, EV 94 MPH), Distance : 372 ft
Batting: SHB Edgardo Medina 0-0: Ball
1-0: Foul Ball, location: 23F
1-1: Ball
2-1: Called Strike
2-2: Ball
3-2: Fly out, F5 (Popup, 5SF, EV 70 MPH)
Batting: SHB Sergio Alcantara 0-0: Called Strike
0-1: Foul Ball, location: 2F
0-2: Fly out, F9 (Line Drive, 9S, EV 83 MPH)
Batting: RHB Oscar Price 0-0: Called Strike
0-1: Called Strike
0-2: Foul Ball, location: 9LDF
0-2: Ball
1-2: Foul Ball, location: 9LDF
1-2: Ball
2-2: SOLO HOME RUN (Flyball, 7D, EV 110 MPH), Distance : 364 ft
Batting: LHB Ron Park 0-0: Ball
1-0: Called Strike
1-1: Swinging Strike
1-2: Ball
2-2: Ball
3-2: SINGLE (Line Drive, 8LM, EV 89 MPH)
Batting: RHB Darrell Taylor 0-0: Swinging Strike
0-1: Called Strike
0-2: Ball
1-2: Ball
2-2: Fly out, F9 (Flyball, 9D, EV 106 MPH)
Top of the 6th over - 3 runs, 4 hits, 0 errors, 1 left on base; Miami 4 - Arizona 6
BOTTOM OF THE 6TH
Arizona Diamondbacks batting - Pitching for Miami Marlins : RHP Mike Armstrong
Batting: RHB Bobby MacDonald 0-0: Called Strike
0-1: Swinging Strike
0-2: Foul Ball, location: 2F
0-2: Ball
1-2: Ball
2-2: Ball
3-2: Base on Balls
Batting: SHB Johnny McConnell 0-0: Ball
1-0: Called Strike
1-1: Ball
2-1: Ball
3-1: Foul Ball, location: 3F
3-2: Base on Balls
Bobby MacDonald to second
Batting: LHB Jorge Aguilar 0-0: Ball
1-0: Ball
2-0: Called Strike
2-1: Foul Ball, location: 7LSF
2-2: Strikes out swinging
Batting: LHB Sergio Portillo 0-0: Ball
1-0: Called Strike
1-1: Foul Ball, location: 3FF
1-2: Foul Ball, location: 3FF
1-2: Ball
2-2: Ball
3-2: Base on Balls
Bobby MacDonald to third
Johnny McConnell to second
Batting: LHB José Silva 0-0: Ball
1-0: Ball
2-0: Called Strike
2-1: Foul Ball, location: 2F
2-2: Strikes out looking
Batting: RHB Derek Briggs 0-0: Ball
1-0: Called Strike
1-1: Ball
2-1: Fly out, F7 (Flyball, 7, EV 81 MPH)
Bottom of the 6th over - 0 runs, 0 hits, 0 errors, 3 left on base; Miami 4 - Arizona 6
TOP OF THE 7TH
Miami Marlins batting - Pitching for Arizona Diamondbacks : RHP Norm Sims
Pitching: LHP Jody Davis
Now at 1B: Josh Marshania
Batting: RHB Kris Thompson 0-0: Called Strike
0-1: Foul Ball, location: 23FF
0-2: Strikes out swinging
Batting: LHB Alan O'Keefe 0-0: Ball
1-0: DOUBLE (Flyball, 7D, EV 103 MPH)
Batting: RHB Kurt Daniel 0-0: DOUBLE (Line Drive, W LL, EV 73 MPH)
Alan O'Keefe scores
Batting: LHB Daryl Hatfield 0-0: Swinging Strike
0-1: Swinging Strike
0-2: Ball
1-2: Strikes out swinging
Batting: SHB Edgardo Medina 0-0: Ball
1-0: Foul Ball, location: 2F
1-1: 2-RUN HOME RUN (Flyball, 9LD, EV 104 MPH), Distance : 351 ft
Pitching: RHP Dan Caine
Batting: SHB Sergio Alcantara 0-0: Ball
1-0: Fly out, F6 (Popup, 6MS, EV 59 MPH)
Top of the 7th over - 3 runs, 3 hits, 0 errors, 0 left on base; Miami 7 - Arizona 6
BOTTOM OF THE 7TH
Arizona Diamondbacks batting - Pitching for Miami Marlins : RHP Mike Armstrong
Pitching: RHP Tomás Sánchez
Batting: SHB Christopher Torres 0-0: Called Strike
0-1: Swinging Strike
0-2: Ball
1-2: SINGLE (Flyball, 56D, EV 75 MPH)
Batting: LHB Richard Urena 0-0: Ball
1-0: Fly out, F8 (Line Drive, 78D, EV 79 MPH)
Batting: RHB Phil Leighton 0-0: Ground out 5-3 (Groundball, 6S, EV 60 MPH)
Christopher Torres to second
Batting: RHB Bobby MacDonald 0-0: Called Strike
0-1: Swinging Strike
0-2: Foul Ball, location: 9LMF
0-2: Foul Ball, location: 25F
0-2: Ball
1-2: Ball
2-2: Ground out 3-1 (Groundball, 3S, EV 60 MPH)
Bottom of the 7th over - 0 runs, 1 hit, 0 errors, 1 left on base; Miami 7 - Arizona 6
TOP OF THE 8TH
Miami Marlins batting - Pitching for Arizona Diamondbacks : RHP Dan Caine
Batting: RHB Oscar Price 0-0: Swinging Strike
0-1: Swinging Strike
0-2: Strikes out swinging
Batting: LHB Ron Park 0-0: Ball
1-0: Ball
2-0: Ball
3-0: Called Strike
3-1: Called Strike
3-2: Foul Ball, location: 3FF
3-2: Fly out, F9 (Flyball, 89M, EV 80 MPH)
Batting: RHB Darrell Taylor 0-0: Ball
1-0: Foul Ball, location: 2F
1-1: Ball
2-1: Swinging Strike
2-2: Foul Ball, location: 2F
2-2: Ball
3-2: Strikes out swinging
Top of the 8th over - 0 runs, 0 hits, 0 errors, 0 left on base; Miami 7 - Arizona 6
BOTTOM OF THE 8TH
Arizona Diamondbacks batting - Pitching for Miami Marlins : RHP Tomás Sánchez
Pitching: RHP Raquel Quental
Batting: SHB Johnny McConnell 0-0: Swinging Strike
0-1: Ground out 1-3 (Groundball, P, EV 59 MPH)
Batting: LHB Jorge Aguilar 0-0: Swinging Strike
0-1: Ball
1-1: DOUBLE (Line Drive, 9LM, EV 98 MPH)
Batting: RHB Josh Marshania 0-0: Called Strike
0-1: Ball
1-1: Ball
Jorge Aguilar steals 3rd base
2-1: Swinging Strike
2-2: Strikes out looking
Pitching: LHP Raymond Rodriguez
Batting: LHB José Silva 0-0: Called Strike
0-1: Ball
1-1: Ball
2-1: Ball
3-1: Swinging Strike
3-2: Strikes out swinging
Bottom of the 8th over - 0 runs, 1 hit, 0 errors, 1 left on base; Miami 7 - Arizona 6
TOP OF THE 9TH
Miami Marlins batting - Pitching for Arizona Diamondbacks : RHP Dan Caine
Pitching: RHP Dan Edwards
Batting: RHB Kris Thompson 0-0: Foul Ball, location: 7LSF
0-1: Fly out, F8 (Flyball, 8LM, EV 76 MPH)
Batting: LHB Alan O'Keefe 0-0: Foul Ball, location: 7LSF
0-1: Ground out 4-3 (Groundball, 4S, EV 71 MPH)
Batting: RHB Kurt Daniel 0-0: Swinging Strike
0-1: Ball
1-1: Swinging Strike
1-2: Ground out 1-3 (Groundball, P, EV 86 MPH)
Top of the 9th over - 0 runs, 0 hits, 0 errors, 0 left on base; Miami 7 - Arizona 6
BOTTOM OF THE 9TH
Arizona Diamondbacks batting - Pitching for Miami Marlins : LHP Raymond Rodriguez
Pitching: LHP Robby Parkinson
Batting: RHB Derek Briggs 0-0: Ball
1-0: Swinging Strike
1-1: Ground out 4-3 (Groundball, 4M, EV 112 MPH)
Pinch Hitting: RHB Terrell Joyce 0-0: Called Strike
0-1: Swinging Strike
0-2: Fly out, F4 (Line Drive, 4, EV 95 MPH)
Pinch Hitting: RHB Yohel Pozo 0-0: Called Strike
0-1: Ball
1-1: Ball
2-1: Fly out, F1 (Popup, P, EV 68 MPH)
Bottom of the 9th over - 0 runs, 0 hits, 0 errors, 0 left on base; Miami 7 - Arizona 6
Tuesday, September 22nd , 2026 - OOTP Baseball 27.4 Build 76